 Dungeon Crawl Stone Soup version 0.24.0-41-g2ae2f7f1be (webtiles) character file.

Game seed: 10859444451768079649, levelgen mode: deterministic

44 Glalom the Shooter (level 3, 0/29 HPs)
             Began as a Centaur Hunter on Dec 14, 2019.
             Was an Initiate of Trog.
             Slain by a gnoll
             ... wielding a +0 halberd
              (8 damage)
             ... on level 3 of the Dungeon.
             The game lasted 00:05:22 (1962 turns).

Glalom the Shooter (Centaur Hunter)                 Turns: 1962, Time: 00:05:22

Health: 0/29       AC:  5    Str: 14    XL:     3   Next: 39%
Magic:  3/3        EV:  9    Int: 10    God:    Trog [......]
Gold:   103        SH:  0    Dex: 10    Spells: 2/2 levels left

rFire    . . .     SeeInvis .   b - +0 short sword
rCold    . . .     Gourm    .   (no shield)
rNeg     . . .     Faith    .   c - +0 leather armour
rPois    .         Spirit   .   (no helmet)
rElec    .         Reflect  .   n - +0 cloak
rCorr    .         Harm     .   (no gloves)
MR       .....                  (no barding)
Stlth    +.........             (no amulet)
HPRegen  0.09/turn              (no ring)
MPRegen  0.08/turn              (no ring)

@: very quick
A: large, hooves 3, deformed body, speed 2, tough skin 3
a: Renounce Religion


You were on level 3 of the Dungeon.
You worshipped Trog.
Trog was noncommittal.
You were not hungry.

You visited 1 branch of the dungeon, and saw 3 of its levels.

You collected 103 gold pieces.

Inventory:

Hand Weapons
 a - a +1 shortbow
 b - a +0 short sword (weapon)
 o - a +0 falchion
Missiles
 d - 27 arrows
Armour
 c - a +0 leather armour (worn)
 n - a +0 cloak (worn)
Scrolls
 e - 2 scrolls of enchant weapon {unknown}
 h - a scroll of magic mapping {unknown}
 i - a scroll of teleportation {unknown}
 k - a scroll of remove curse {unknown}
Potions
 g - a potion of haste {unknown}
 j - a potion of brilliance {unknown}
 l - a potion of lignification {unknown}
 m - a potion of cancellation {unknown}
Comestibles
 f - 4 rations


   Skills:
 - Level 2.0 Fighting
 + Level 7.0 Bows
 - Level 1.3 Dodging
 - Level 0.4 Stealth


You had 2 spell levels left.
You didn't know any spells.
Your spell library was empty.

Dungeon Overview and Level Annotations

Branches:
Dungeon (3/15)

Altars:
Ru
Trog


Innate Abilities, Weirdness & Mutations

You have hooves in place of feet.
Armour fits poorly on your strangely shaped body.
You cover ground very quickly.
You have extremely tough skin. (AC +3)


Message History

You shoot an arrow. The arrow hits the orc priest.
The orc priest is lightly wounded.
An orc comes into view. It is wielding a +0 short sword.
b - a +0 short sword (weapon)
The orc priest hits you but does no damage.
Things that are here:
a +0 ring mail; an orc corpse The orc priest mumbles some strange prayers to Beogh against you.
Pain shoots through your body!
The orc priest mumbles some strange prayers to Beogh against you.
Pain shoots through your body!
* * * LOW HITPOINT WARNING * * *
An orc wizard comes into view. It is wielding a +0 dagger.
You hit the orc priest. You kick the orc priest.
The orc priest is heavily wounded.
The orc priest hits you but does no damage.
You closely miss the orc priest.
The orc priest is heavily wounded.
The gnoll hits you from afar with a +0 halberd!
You die...

#...# ###.####
#....# ####.#
#.###########
#....>.......
#####.######
#.# #@# #o####
#gg..######
#.g........
#....#########
####go.....)..
#.oo.".(...
#..........
#####..(..g


You could see an orc priest, an orc wizard, 4 gnolls and 2 orcs.

Vanquished Creatures
  A worm (D:2)
  A leopard gecko (D:1)
  An orc (D:3)
  3 bats (D:2)
  2 giant cockroaches (D:2)
  3 goblins
  6 hobgoblins
  2 jackals (D:1)
  2 ball pythons
  3 frilled lizards
  8 kobolds
  5 rats
37 creatures vanquished.

Notes
Turn   | Place    | Note
-------+----------+-------------------------------------------
     0 | D:1      | Glalom the Centaur Hunter began the quest for the Orb.
     0 | D:1      | Reached XP level 1. HP: 17/17 MP: 1/1
   367 | D:1      | You fall into a shaft and drop 1 floor!
   458 | D:2      | Reached skill level 6 in Bows
   458 | D:2      | Reached XP level 2. HP: 20/24 MP: 2/2
  1348 | D:2      | Found a sacrificial altar of Ru.
  1360 | D:2      | Reached XP level 3. HP: 27/29 MP: 3/3
  1812 | D:2      | Found a bloodstained altar of Trog.
  1821 | D:2      | Became a worshipper of Trog the Wrathful
  1952 | D:3      | Reached skill level 7 in Bows
  1962 | D:3      | Slain by a gnoll

Levels and vault maps discovered:
D:1:      dpeg_arrival_simpleton_b, layout_basic
D:2:      layout_loops_corners, nicolae_ru_great_annihilating_truth, trog_book
D:3:      layout_basic, first_ration, chequers_mini_garden

Skill      XL: |  1  2  3 |
---------------+----------+-----
Bows           | 6 7 |  7.0
Fighting       | |  2.0
Dodging        | |  1.3
Stealth        | |  0.4

Action                   || total
-------------------------++-------
Melee: Short sword       ||   112
       Kick              ||    17
 Fire: Shortbow          ||     4
 Stab: Paralysed         ||     2
  Eat: Chunk             ||     2
Armor: Leather armour    ||    43
Dodge: Dodged            ||    46
